Workbook

Sheet Detalle ejecución Cuota Gerenci
B1: DETALLE EJECUCIÓN CUOTA DE GERENCIA
B2: CONTRATO: Contrato CO1.PCCNTR.1471299 de 2020 | E2: PERIODO: | F2: INFORME MES DE MARZO 2021
A4: No. Orden | B4: RUBROS | C4: Valor unitario (mes, unidad, etc) | D4: PRESUPUESTO | E4: COMPROMISO | F4: EJECUTADO ACUMULADO A 28-02-21 | G4: EJECUTADO MES DE MARZO 2021 | H4: EJECUTADO ACUMULADO A LA FECHA | I4: Descripción y justificación del gasto | J4: No. de comprobante / Egreso mes reportado | K4: Duración (Meses) | L4: Fecha inicio dd/mm/aa | M4: Fecha de terminación dd/mm/aa | N4: Control contabilidad interna - operador
A5: 1 | B5: SERVICIOS PERSONALES INDIRECTOS - ESPECIFICA | D5: =+D6+D17+D102 -> 4717720322 | E5: =+E6+E17+E102 -> 2.329397e+09 | F5: =+F6+F17+F102 -> 7.4893401e+08 | G5: =+G6+G17+G102 -> 1.4173862e+08 | H5: =+H6+H17+H102 -> 8.9067263e+08
A6: 1.1 | B6: Servicios académicos remunerados - Específica | D6: =+'Resolución 2643 de 2020'!D9 -> 806550000 | E6: =+E8+E12+E15 -> 4.4897489e+08 | F6: =+F8+F12+F15 -> 1.6038148e+08 | G6: =+G8+G12+G15 -> 26125926 | H6: =+H8+H12+H15 -> 1.8650741e+08
A7: 1.1.1 | B7: Personal mínimo
A8: 1.1.1.1 | B8: Gerente de proyecto | E8: =+E9+E10 -> 2.9304156e+08 | F8: =+F9+F10 -> 92400000 | G8: =+G9+G10 -> 13200000 | H8: =+H9+H10 -> 105600000
A9: 1.1.1.1.1 | B9: CASTELLANOS DOMINGUEZ OSCAR FERNANDO | C9: 13200000 | E9: 132000000 | F9: 92400000 | G9: 13200000 | H9: 105600000 | I9: DIRIGIR EL PROYECTO PARA LA GESTIÓN Y OPERACIÓN DE LOS RECURSOS | J9: 902-202-3075 | K9: 36 | L9: 43984 | M9: 44255 | N9: 1
A10: 1.1.1.1.2 | B10: CASTELLANOS DOMINGUEZ OSCAR FERNANDO | C10: 13420130 | E10: 1.6104156e+08 | F10: 0 | G10: 0 | H10: 0 | I10: DIRIGIR EL PROYECTO PARA LA GESTIÓN Y OPERACIÓN DE LOS RECURSOS | L10: 44256 | M10: 44620
A11: 1.1.2 | B11: Personal adicional
A12: 1.1.2.1 | B12: Supervisión interna | E12: =+E13+E14 -> 1.1093333e+08 | F12: =+F13+F14 -> 37981483 | G12: =+G13+G14 -> 5425926.3 | H12: =+H13+H14 -> 43407409
A13: 1.1.2.1.1 | B13: ROJAS BERRIO SANDRA PATRICIA | C13: 5425926.3 | E13: 48833333 | F13: 37981483 | G13: 5425926.3 | H13: 43407409 | I13: LLEVAR A CABO LA SUPERVISIÓN INTERNA AL PROYECTO PARA LA GESTIÓN | J13: 902-202-3077 | K13: 36 | L13: 43984 | M13: 44255 | N13: 2
A14: 1.1.2.1.2 | B14: ROJAS BERRIO SANDRA PATRICIA | C14: 5175000 | E14: 62100000 | F14: 0 | G14: 0 | H14: 0 | I14: LLEVAR A CABO LA SUPERVISIÓN INTERNA AL PROYECTO PARA LA GESTIÓN | L14: 44256 | M14: 44620
A15: 1.1.2.2 | B15: Asesor en negociación tecnológica | E15: =+E16 -> 45000000 | F15: =+F16 -> 30000000 | G15: =+G16 -> 7500000 | H15: =+H16 -> 37500000
A16: 1.1.2.2.1 | B16: CAMARGO MENDOZA JORGE ELIECER | C16: 7500000 | E16: 45000000 | F16: 30000000 | G16: 7500000 | H16: 37500000 | I16: ASESORAR AL EQUIPO TÉCNICO DEL PROYECTO EN LOS COMPONENTES TECNOLÓGICOS | J16: 902-202-3033 | L16: 44099 | M16: 44255 | N16: 3
A17: 1.2 | B17: Remuneración por servicios técnicos - Específica | D17: =+'Resolución 2643 de 2020'!D10 -> 3794706322 | E17: =+E19+E22+E25+E28+E31+E34+E37+E40+E43+E46+E47+E49+E52+E61+E64+E67+E71+E76+E79+E82+E84+E86+E89+E91+E96+E98+E100 -> 1.8738094e+09 | F17: =+F19+F22+F25+F28+F31+F34+F37+F40+F43+F46+F47+F49+F52+F61+F64+F67+F71+F76+F79+F82+F84+F86+F89+F91+F96+F98 -> 5.8416351e+08 | G17: =+G19+G22+G25+G28+G31+G34+G37+G40+G43+G46+G47+G49+G52+G61+G64+G67+G71+G76+G79+G82+G84+G86+G89+G91+G96+G98 -> 1.1426673e+08 | H17: =+H19+H22+H25+H28+H31+H34+H37+H40+H43+H46+H47+H49+H52+H61+H64+H67+H71+H76+H79+H82+H84+H86+H89+H91+H96+H98 -> 6.9843024e+08
A18: 1.2.1 | B18: Personal mínimo
A19: 1.2.1.1 | B19: Coordinador Operativo | E19: =+E20+E21 -> 2.202e+08 | F19: =+F20+F21 -> 83699999 | G19: =+G20+G21 -> 9300000 | H19: =+H20+H21 -> 92999999
A20: 1.2.1.1.1 | B20: CELY ACEVEDO NELSY EDITH | C20: 9300000 | E20: 92999999 | F20: 83699999 | G20: 9300000 | H20: 92999999 | I20: PRESTAR SERVICIOS PROFESIONALES COMO COORDINADORA OPERATIVA | J20: 902-202-2893 | K20: 36 | L20: 43984 | M20: 44255 | N20: 4
A21: 1.2.1.1.2 | B21: CELY ACEVEDO NELSY EDITH | C21: 10600000 | E21: 127200000 | F21: 0 | G21: 0 | H21: 0 | I21: PRESTAR SERVICIOS PROFESIONALES COMO COORDINADORA OPERATIVA | L21: 44258 | M21: 44620
A22: 1.2.1.2 | B22: Coordinador contractual | E22: =+E23+E24 -> 144430000 | F22: =+F23+F24 -> 57200000 | G22: =+G23+G24 -> 6500000 | H22: =+H23+H24 -> 63700000
A23: 1.2.1.2.1 | B23: GONZALEZ SAAVEDRA LIDA YASMITH | C23: 6500000 | E23: 63700000 | F23: 57200000 | G23: 6500000 | H23: 63700000 | I23: PRESTAR SERVICIOS PROFESIONALES COMO COORDINADORA CONTRACTUAL | J23: 902-202-3355 | K23: 36 | L23: 43984 | M23: 44255 | N23: 5
A24: 1.2.1.2.2 | B24: GONZALEZ SAAVEDRA LIDA YASMITH | C24: 6727500 | E24: 80730000 | F24: 0 | G24: 0 | H24: 0 | I24: PRESTAR SERVICIOS PROFESIONALES COMO COORDINADORA CONTRACTUAL | L24: 44257 | M24: 44620
A25: 1.2.1.3 | B25: Lider administrativo | E25: =+E26+E27 -> 1.4811333e+08 | F25: =+F26+F27 -> 54383333 | G25: =+G26+G27 -> 6500000 | H25: =+H26+H27 -> 60883333
A26: 1.2.1.3.1 | B26: CAÑON COLMENARES RICARDO ALONSO | C26: 6500000 | E26: 67383333 | F26: 54383333 | G26: 6500000 | H26: 60883333 | I26: PRESTAR SERVICIOS PROFESIONALES COMO LÍDER ADMINISTRATIVO | J26: 902-202-2315 | K26: 36 | L26: 43984 | M26: 44255 | N26: 6
A27: 1.2.1.3.2 | B27: CAÑON COLMENARES RICARDO ALONSO | C27: 6727500 | E27: 80730000 | F27: 0 | G27: 0 | H27: 0 | I27: PRESTAR SERVICIOS PROFESIONALES COMO LÍDER ADMINISTRATIVO | L27: 44256 | M27: 44620
A28: 1.2.1.4 | B28: Supervisor financiero | C28: 0 | E28: =+E29+E30 -> 126230000 | F28: =+F29+F30 -> 39000000 | G28: =+G29+G30 -> 6500000 | H28: =+H29+H30 -> 45500000
A29: 1.2.1.4.1 | B29: GOMEZ SIERRA JAIRO IVAN | C29: 6500000 | E29: 45500000 | F29: 39000000 | G29: 6500000 | H29: 45500000 | I29: PRESTAR SERVICIOS PROFESIONALES COMO SUPERVISOR FINANCIERO | J29: 902-202-2883 | K29: 36 | L29: 44047 | M29: 44255 | N29: 7
A30: 1.2.1.4.2 | B30: GOMEZ SIERRA JAIRO IVAN | C30: 6727500 | E30: 80730000 | F30: 0 | G30: 0 | H30: 0 | I30: PRESTAR SERVICIOS PROFESIONALES COMO SUPERVISOR FINANCIERO | L30: 44256 | M30: 44620
A31: 1.2.1.5 | B31: Lider de procesos de evaluación | E31: =+E32+E33 -> 90229167 | F31: =+F32+F33 -> 39286666 | G31: =+G32+G33 -> 14200001 | H31: =+H32+H33 -> 53486667
A32: 1.2.1.5.1 | B32: CORTES ROJAS DIANA MARIBEL | C32: 7640952.5 | E32: 53486667 | F32: 39286666 | G32: 14200001 | H32: 53486667 | I32: PRESTAR SERVICIOS PROFESIONALES COMO LÍDER DE EVALUACIÓN DEL PROYECTO | J32: 902-202-2312; 3466 | K32: 36 | L32: 44048 | M32: 44255 | N32: 8
A33: 1.2.1.5.2 | B33: CORTES ROJAS DIANA MARIBEL | C33: 7348500 | E33: 36742500 | F33: 0 | G33: 0 | H33: 0 | I33: PRESTAR SERVICIOS PROFESIONALES COMO LÍDER DE EVALUACIÓN DEL PROYECTO | L33: 44260 | M33: 44408
A34: 1.2.1.6 | B34: Lider de proceso de interventoria | E34: =+E35+E36 -> 106730000 | F34: =+F35+F36 -> 13000000 | G34: =+G35+G36 -> 6500000 | H34: =+H35+H36 -> 19500000
A35: 1.2.1.6.1 | B35: HERNANDEZ GUERRERO ALEXA JINETH | C35: 6500000 | E35: 26000000 | F35: 13000000 | G35: 6500000 | H35: 19500000 | I35: PRESTAR SERVICIOS PROFESIONALES COMO LÍDER DE INTERVENTORÍA | J35: 902-202-2323 | K35: 36 | L35: 44166 | M35: 44255 | N35: 9
A36: 1.2.1.6.2 | B36: HERNANDEZ GUERRERO ALEXA JINETH | C36: 6727500 | E36: 80730000 | F36: 0 | G36: 0 | H36: 0 | I36: PRESTAR SERVICIOS PROFESIONALES COMO LÍDER DE INTERVENTORÍA | L36: 44260 | M36: 44620
A37: 1.2.1.8 | B37: Lider de proceso de fiducia | E37: =+E38+E39 -> 84810000 | F37: =+F38+F39 -> 11000000 | G37: =+G38+G39 -> 5500000 | H37: =+H38+H39 -> 16500000
A38: 1.2.1.8.1 | B38: RONCANCIO GONZALEZ PAOLA ALEXANDRA | C38: 5500000 | E38: 16500000 | F38: 11000000 | G38: 5500000 | H38: 16500000 | I38: PRESTAR SERVICIOS PROFESIONALES COMO LÍDER DE FIDUCIA | J38: 902-202-2770 | K38: 36 | L38: 44174 | M38: 44255 | N38: 10
A39: 1.2.1.8.2 | B39: RONCANCIO GONZALEZ PAOLA ALEXANDRA | C39: 5692500 | E39: 68310000 | F39: 0 | G39: 0 | H39: 0 | I39: PRESTAR SERVICIOS PROFESIONALES COMO LÍDER DE FIDUCIA | L39: 44256 | M39: 44620
A40: 1.2.1.9 | B40: Profesional de apoyo | E40: =+E41+E42 -> 123310000 | F40: =+F41+F42 -> 30000000 | G40: =+G41+G42 -> 5000000 | H40: =+H41+H42 -> 35000000
A41: 1.2.1.9.1 | B41: GOMEZ NIVIA FABIAN HUMBERTO | C41: 5000000 | E41: 55000000 | F41: 30000000 | G41: 5000000 | H41: 35000000 | I41: PRESTAR SERVICIOS PROFESIONALES EN LA GERENCIA DEL PROYECTO | K41: 36 | L41: 43984 | M41: 44255
A42: 1.2.1.9.2 | B42: GOMEZ NIVIA FABIAN HUMBERTO | C42: 5692500 | E42: 68310000 | F42: 0 | G42: 0 | H42: 0 | I42: PRESTAR SERVICIOS PROFESIONALES EN LA GERENCIA DEL PROYECTO | L42: 44256 | M42: 44620
A43: 1.2.1.10 | B43: Tecnólogo de apoyo en procesos transversales | E43: =+E44+E45 -> 89349000 | F43: =+F44+F45 -> 36340000 | G43: =+G44+G45 -> 3950000 | H43: =+H44+H45 -> 40290000
A44: 1.2.1.10.1 | B44: VIRGUEZ MORA ANDREA DEL PILAR | C44: 3950000 | E44: 40290000 | F44: 36340000 | G44: 3950000 | H44: 40290000 | I44: PRESTAR SERVICIOS PROFESIONALES EN EL ÁREA ADMINISTRATIVA DEL PROYECTO | J44: 902-202-2889 | L44: 43998 | M44: 44255 | N44: 11
A45: 1.2.1.10.2 | B45: VIRGUEZ MORA ANDREA DEL PILAR | C45: 4088250 | E45: 49059000 | F45: 0 | G45: 0 | H45: 0 | I45: PRESTAR SERVICIOS PROFESIONALES EN EL ÁREA ADMINISTRATIVA DEL PROYECTO | L45: 44256 | M45: 44620
A46: 1.2.1.11 | B46: Líder de proceso de cartera y liquidación
A47: 1.2.1.12 | B47: Líder de proceso de soporte sistemas de información
A48: 1.2.2. | B48: Personal adicional
A49: 1.2.2.1 | B49: Ingeniera de procesos | E49: =+E50+E51 -> 67014667 | F49: =+F50+F51 -> 22186667 | G49: =+G50+G51 -> 2600000 | H49: =+H50+H51 -> 24786667
A50: 1.2.2.1.1 | B50: VALBUENA MOLANO AIDA ALEJANDRA | C50: 2600000 | E50: 24786667 | F50: 22186667 | G50: 2600000 | H50: 24786667 | I50: PRESTAR SERVICIOS TÉCNICOS EN LOS PROCESOS TRANSVERSALES DEL PROYECTO, | J50: 902-202-2905 | K50: 30 | L50: 43994 | M50: 44255 | N50: 12
A51: 1.2.2.1.2 | B51: VALBUENA MOLANO AIDA ALEJANDRA | C51: 3519000 | E51: 42228000 | F51: 0 | G51: 0 | H51: 0 | I51: PRESTAR SERVICIOS TÉCNICOS EN LOS PROCESOS TRANSVERSALES DEL PROYECTO, | L51: 44256 | M51: 44620
A52: 1.2.2.2 | B52: Coordinador de evaluación | E52: =+E53+E54+E55+E56+E57+E58+E59+E60 -> 90840000 | F52: =+F53+F54+F55+F56+F57+F58+F59+F60 -> 60000000 | G52: =+G53+G54+G55+G56+G57+G58+G59+G60 -> 6000000 | H52: =+H53+H54+H55+H56+H57+H58+H59+H60 -> 66000000
A53: 1.2.2.2.1 | B53: AMAYA PEREZ SANDRA MARIANA | C53: 6000000 | E53: 12000000 | F53: 12000000 | G53: 0 | H53: 12000000 | I53: PRESTAR SERVICIOS PROFESIONALES COMO COORDINADORA DE EVALUACIÓN DE LOS PLANES DE NEGOCIO | L53: 44088 | M53: 44147
A54: 1.2.2.2.2 | B54: CRUZ BERNAL JUAN CARLOS | C54: 6000000 | E54: 12000000 | F54: 12000000 | G54: 0 | H54: 12000000 | I54: PRESTAR SERVICIOS PROFESIONALES COMO COORDINADOR DE EVALUACIÓN DE LOS PLANES DE NEGOCIO | L54: 44088 | M54: 44147
A55: 1.2.2.2.3 | B55: PETITT BARROSO ERICK INTYLLAN | C55: 6000000 | E55: 6000000 | F55: 6000000 | G55: 0 | H55: 6000000 | I55: PRESTAR SERVICIOS PROFESIONALES COMO COORDINADOR DE EVALUACIÓN DE LOS PLANES DE NEGOCIO | L55: 44090 | M55: 44119
A56: 1.2.2.2.4 | B56: DIAZ BERNAL GINA ALEJANDRA | C56: 6000000 | E56: 6000000 | F56: 6000000 | G56: 0 | H56: 6000000 | I56: PRESTAR SERVICIOS PROFESIONALES COMO COORDINADOR DE EVALUACIÓN DE LOS PLANES DE NEGOCIO | L56: 44138 | M56: 44165
A57: 1.2.2.2.5 | B57: PEREZ AVELLA EDISON JESUS | C57: 6000000 | E57: 12000000 | F57: 12000000 | G57: 0 | H57: 12000000 | I57: PRESTAR SERVICIOS PROFESIONALES COMO COORDINADOR DE EVALUACIÓN DE LOS PLANES DE NEGOCIO | L57: 44088 | M57: 44147
A58: 1.2.2.2.6 | B58: DIAZ BERNAL GINA ALEJANDRA | C58: 6000000 | E58: 6000000 | F58: 6000000 | G58: 0 | H58: 6000000 | I58: PRESTAR SERVICIOS PROFESIONALES COMO COORDINADOR DE EVALUACIÓN DE LOS PLANES DE NEGOCIO | L58: 44090 | M58: 44119
A59: 1.2.2.2.7 | B59: PETITT BARROSO ERICK INTYLLAN | C59: 6000000 | E59: 6000000 | F59: 6000000 | G59: 0 | H59: 6000000 | I59: PRESTAR SERVICIOS PROFESIONALES COMO COORDINADOR DE EVALUACIÓN DE LOS PLANES DE NEGOCIO | L59: 44138 | M59: 44165
A60: 1.2.2.2.8 | B60: PETITT BARROSO ERICK INTYLLAN | C60: 6168000 | E60: 30840000 | F60: 0 | G60: 6000000 | H60: 6000000 | I60: PRESTAR SERVICIOS PROFESIONALES COMO COORDINADOR DE EVALUACIÓN DE LOS PLANES DE NEGOCIO | L60: 44242 | M60: 44377
A61: 1.2.2.3 | B61: Tecnólogo de apoyo gestión documental y archivo | E61: =+E62+E63 -> 26344667 | F61: =+F62+F63 -> 19666667 | G61: =+G62+G63 -> 2500000 | H61: =+H62+H63 -> 22166667
A62: 1.2.2.3.1 | B62: CARVAJAL OLAYA YESMI | C62: 2500000 | E62: 22166667 | F62: 19666667 | G62: 2500000 | H62: 22166667 | I62: BRINDAR EL SOPORTE TÉCNICO REQUERIDO PARA EL MANEJO DE LA INFORMACIÓN GENERADA POR EL PROYECTO APOYANDO LAS ACTIVIDADES ADMINISTRATIVAS ASIGNADAS | J62: 902-202-3352 | L62: 44007 | M62: 44255 | N62: 13
A63: 1.2.2.3.2 | B63: CARVAJAL OLAYA YESMI | C63: 2457647.1 | E63: 4178000 | F63: 0 | G63: 0 | H63: 0 | I63: BRINDAR EL SOPORTE TÉCNICO REQUERIDO PARA EL MANEJO DE LA INFORMACIÓN GENERADA POR EL PROYECTO APOYANDO LAS ACTIVIDADES ADMINISTRATIVAS ASIGNADAS | L63: 44265 | M63: 44316
A64: 1.2.2.4 | B64: Profesional de apoyo financiero | E64: =+E65+E66 -> 61841000 | F64: =+F65+F66 -> 14200000 | G64: =+G65+G66 -> 3550000 | H64: =+H65+H66 -> 17750000
A65: 1.2.2.4.1 | B65: CASTELLANOS VELASQUEZ MARIA ANGELICA | C65: 3550000 | E65: 17750000 | F65: 14200000 | G65: 3550000 | H65: 17750000 | I65: PRESTAR SERVICIOS COMO PROFESIONAL CONTABLE Y FINANCIERA | J65: 902-202-2890 | L65: 44105 | M65: 44255 | N65: 14
A66: 1.2.2.4.2 | B66: CASTELLANOS VELASQUEZ MARIA ANGELICA | C66: 3790057.3 | E66: 44091000 | F66: 0 | G66: 0 | H66: 0 | I66: PRESTAR SERVICIOS COMO PROFESIONAL CONTABLE Y FINANCIERA | L66: 44271 | M66: 44620
A67: 1.2.2.5 | B67: Experto en derecho administrativo | E67: =+E68+E69+E70 -> 1.3003624e+08 | F67: =+F68+F69+F70 -> 52200182 | G67: =+G68+G69+G70 -> 5800060.8 | H67: =+H68+H69+H70 -> 58000243
A68: 1.2.2.5.1 | B68: DURAN & ALVAREZ ASOCIADOS SAS | C68: 5800059.8 | E68: 34800360 | F68: 29000299 | G68: 5800060.8 | H68: 34800360 | I68: PRESTAR SERVICIOS COMO EXPERTOS EN ASUNTOS LEGALES E INSTITUCIONALES | J68: 902-202-2788 | L68: 44092 | M68: 44255 | N68: 15
A69: 1.2.2.5.2 | B69: DURAN & ALVAREZ ASOCIADOS SAS | C69: 7733294.5 | E69: 23199883 | F69: 23199883 | G69: 0 | H69: 23199883 | I69: PRESTAR SERVICIOS COMO EXPERTOS EN ASUNTOS LEGALES E INSTITUCIONALES | L69: 43991 | M69: 44074
A70: 1.2.2.5.3 | B70: DURAN & ALVAREZ ASOCIADOS SAS | C70: 6003000 | E70: 72036000 | F70: 0 | G70: 0 | H70: 0 | I70: PRESTAR SERVICIOS COMO EXPERTOS EN ASUNTOS LEGALES E INSTITUCIONALES | L70: 44260 | M70: 44620
A71: 1.2.2.6 | B71: Profesional de apoyo acreditación | E71: =+SUM(E72:E75) -> 9500000 | F71: =+SUM(F72:F75) -> 9500000 | G71: =+SUM(G72:G75) -> 0 | H71: =+SUM(H72:H75) -> 9500000
A72: 1.2.2.6.1 | B72: FERNANDEZ CAICEDO EDITH YANIRA | C72: 2500000 | E72: 2500000 | F72: 2500000 | G72: 0 | H72: 2500000 | I72: PRESTAR SERVICIOS PROFESIONALES PARA APOYAR EL PROCESO DE ACREDITACIÓN | L72: 44082 | M72: 44104
A73: 1.2.2.6.2 | B73: ORJUELA GARZON ANGELICA MARCELA | C73: 2500000 | E73: 2500000 | F73: 2500000 | G73: 0 | H73: 2500000 | I73: PRESTAR SERVICIOS PROFESIONALES PARA APOYAR EL PROCESO DE ACREDITACIÓN | L73: 44082 | M73: 44104
A74: 1.2.2.6.3 | B74: HERNANDEZ RUBIO MAIRA ALEJANDRA | C74: 2500000 | E74: 2500000 | F74: 2500000 | G74: 0 | H74: 2500000 | I74: PRESTAR SERVICIOS PROFESIONALES PARA APOYAR EL PROCESO DE ACREDITACIÓN | L74: 44082 | M74: 44104
A75: 1.2.2.6.4 | B75: OSORIO HERNANDEZ ALEJANDRA | C75: 2000000 | E75: 2000000 | F75: 2000000 | G75: 0 | H75: 2000000 | I75: PRESTAR SERVICIOS PROFESIONALES PARA APOYAR EL PROCESO DE ACREDITACIÓN | L75: 44082 | M75: 44104
A76: 1.2.2.7 | B76: Profesional de comunicaciones | E76: =+E77+E78 -> 57720000 | F76: =+F77+F78 -> 14100000 | G76: =+G77+G78 -> 6000000 | H76: =+H77+H78 -> 20100000
A77: 1.2.2.7.1 | B77: PERAZA RIVERA LAURA | C77: 3000000 | E77: 20100000 | F77: 14100000 | G77: 6000000 | H77: 20100000 | I77: PRESTAR SERVICIOS COMO PROFESIONAL DE COMUNICACIONES DEL PROYECTO | L77: 44076 | M77: 44255
A78: 1.2.2.7.2 | B78: PERAZA RIVERA LAURA | C78: 3135000 | E78: 37620000 | F78: 0 | G78: 0 | H78: 0 | I78: PRESTAR SERVICIOS COMO PROFESIONAL DE COMUNICACIONES DEL PROYECTO | L78: 44257 | M78: 44620
A79: 1.2.2.8 | B79: Coordinación de convenios de adhesión | E79: =+E80+E81 -> 100230000 | F79: =+F80+F81 -> 6500000 | G79: =+G80+G81 -> 13000000 | H79: =+H80+H81 -> 19500000
A80: 1.2.2.8.1 | B80: PEREZ AVELLA EDISON JESUS | C80: 6500000 | E80: 19500000 | F80: 6500000 | G80: 13000000 | H80: 19500000 | I80: PRESTAR SERVICIOS PROFESIONALES COMO COORDINADOR DE CONTRATOS DE ADHESIÓN | J80: 902-202-935 | L80: 44179 | M80: 44255 | N80: 16
A81: 1.2.2.8.2 | B81: PEREZ AVELLA EDISON JESUS | C81: 6727500 | E81: 80730000 | F81: 0 | G81: 0 | H81: 0 | I81: PRESTAR SERVICIOS PROFESIONALES COMO COORDINADOR DE CONTRATOS DE ADHESIÓN | L81: 44258 | M81: 44620
A82: 1.2.2.9 | B82: Profesional de apoyo a fiducia | E82: =+E83 -> 38098667 | F82: =+F83 -> 0 | G82: =+G83 -> 5806667.3 | H82: =+H83 -> 5806667.3
A83: 1.2.2.9.1 | B83: FULA MELO DANIELA PAOLA | C83: 2721333.4 | E83: 38098667 | F83: 0 | G83: 5806667.3 | H83: 5806667.3 | I83: PRESTAR SERVICIOS PROFESIONALES EN LOS PROCESOS TRANSVERSALES DEL PROYECTO | L83: 44239 | M83: 44620
A84: 1.2.2.10 | B84: Asesor de fiducia | E84: =+E85 -> 36000000 | F84: =+F85 -> 0 | G84: =+G85 -> 4500000 | H84: =+H85 -> 4500000
A85: 1.2.2.10.1 | B85: RODRIGUEZ ROMERO MARTIN AUGUSTO | C85: 4000000 | E85: 36000000 | F85: 0 | G85: 4500000 | H85: 4500000 | I85: PRESTAR SERVICIOS PROFESIONALES COMO ASESOR FIDUCIARIO DEL PROYECTO | L85: 44239 | M85: 44439
A86: 1.2.2.11 | B86: Tecnólogo de apoyo | E86: =+E87+E88 -> 51289800 | F86: =+F87+F88 -> 21900000 | G86: =+G87+G88 -> 0 | H86: =+H87+H88 -> 21900000
A87: 1.2.2.11.1 | B87: BECERRA PELAEZ LUISA PAOLA | C87: 2190000 | E87: 24090000 | F87: 21900000 | G87: 0 | H87: 21900000 | I87: PRESTAR SERVICIOS TÉCNICOS PARA LA COORDINACIÓN OPERATIVA DEL PROYECTO | L87: 43998 | M87: 44255
A88: 1.2.2.11.2 | B88: BECERRA PELAEZ LUISA PAOLA | C88: 2266650 | E88: 27199800 | F88: 0 | G88: 0 | H88: 0 | I88: PRESTAR SERVICIOS TÉCNICOS PARA LA COORDINACIÓN OPERATIVA DEL PROYECTO | L88: 44256 | M88: 44620
A89: 1.2.2.12 | B89: Firma Digital | E89: =+E90 -> 523599.6 | F89: =+F90 -> 0 | G89: =+G90 -> 0 | H89: =+H90 -> 0
A90: 1.2.2.12.1 | B90: ANDES SERVICIO DE CERTIFICACION DIGITAL S.A. | C90: 523599.6 | E90: 523599.6 | F90: 0 | G90: 0 | H90: 0 | I90: PRESTAR SERVICIOS DE CERTIFICACIÓN DE FIRMA DIGITAL EN DISPOSITIVO CRIPTOGR | L90: 44253 | M90: 44257
A91: 1.2.2.13 | B91: Profesional de Enlace regional | E91: =+E92+E93+E94+E95 -> 56000000 | F91: =+F92+F93+F94+F95 -> 0 | G91: =+G92+G93+G94+G95 -> 0 | H91: =+H92+H93+H94+H95 -> 0
A92: 1.2.2.13.1 | B92: LAITON MONCADA SANDRA LORENA | C92: 3589743.6 | E92: 14000000 | F92: 0 | G92: 0 | H92: 0 | I92: PRESTAR SERVICIOS PROFESIONALES COMO ENLACE REGIONAL | L92: 44260 | M92: 44377
A93: 1.2.2.13.2 | B93: PEREZ PULGARIN SANDRA MILENA | C93: 3589743.6 | E93: 14000000 | F93: 0 | G93: 0 | H93: 0 | I93: PRESTAR SERVICIOS PROFESIONALES COMO ENLACE REGIONAL | L93: 44260 | M93: 44377
A94: 1.2.2.13.3 | B94: RODRIGUEZ ISIDRO ALIRIO ANTONIO | C94: 3589743.6 | E94: 14000000 | F94: 0 | G94: 0 | H94: 0 | I94: PRESTAR SERVICIOS PROFESIONALES COMO ENLACE REGIONAL | L94: 44266 | M94: 44377
A95: 1.2.2.13.4 | B95: ROSADO GAMBOA CARLOS JOSE | C95: 3589743.6 | E95: 14000000 | F95: 0 | G95: 0 | H95: 0 | I95: PRESTAR SERVICIOS PROFESIONALES COMO ENLACE REGIONAL | L95: 44260 | M95: 44377
A96: 1.2.2.14 | B96: SERVICIOS DE DIGITALIZACIÓN, CUSTODIA Y ACTIVIDADES CONEXAS | E96: =+E97 -> 367209.16 | F96: =+F97 -> 0 | G96: =+G97 -> 0 | H96: =+H97 -> 0
A97: 1.2.2.14.1 | B97: PROCESOS & CANJE S A | C97: 367209.16 | E97: 367209.16 | F97: 0 | G97: 0 | H97: 0 | I97: PRESTAR SERVICIOS DE DIGITALIZACIÓN, CUSTODIA Y ACTIVIDADES CONEXAS DE ARCHIVO | L97: 44186 | M97: 44286
A98: 1.2.2.15 | B98: Capacitación | E98: =+E99 -> 560000 | F98: =+F99 -> 0 | G98: =+G99 -> 560000 | H98: =+H99 -> 560000
A99: 1.2.2.15.1 | B99: CICERY VEGA EDWIN | C99: 560000 | E99: 560000 | F99: 0 | G99: 560000 | H99: 560000 | I99: PRESTAR SERVICIOS PROFESIONALES COMO CONFERENCISTA EN DESARROLLO DE LA EJEC | L99: 44263 | M99: 44263
A100: 1.2.2.16 | B100: ASESORÍA COMO EXPERTO EN ASUNTOS TÉCNICOS | E100: =+E101 -> 14042000 | F100: =+F101 -> 0 | G100: =+G101 -> 0 | H100: =+H101 -> 0
A101: 1.2.2.16.1 | B101: VELEZ Y ASOCIADOS S A S | C101: 14042000 | E101: 14042000 | F101: 0 | G101: 0 | H101: 0 | I101: PRESTAR SERVICIOS DE ASESORÍA COMO EXPERTO EN ASUNTOS TÉCNICOS, LEGALES E | L101: 44265 | M101: 44301
...

Sheet Resolución 2643 de 2020
A1: UNIVERSIDAD NACIONAL DE COLOMBIA
A2: CUOTA DE GERENCIA Contrato CO1.PCCNTR.1471299 de 2020
A3: Saldos a 28 de febrero de 2021
A5: Ultima Resolución 2643 del 2 de spetiembre 2020
D6: Incluido GMF | G6: Sin GMF (Valores presentados en el cuadro detalle)
A7: No. | B7: Código Nombre | C7: Rubro | D7: Presupuesto | E7: Valor Compromisos a 28 feb 2021 | F7: Valor Ejecutado a 28 feb 2021 | G7: Presupuesto | H7: Valor Compromisos a 28 feb 2021 | I7: Valor Ejecutado a 28 feb 2021
A8: 1 | B8: SERVICIOS PERSONALES INDIRECTOS - ESPECIFICA | D8: =SUM(D9:D11) -> 4717720322 | E8: =SUM(E9:E11) -> #REF! | F8: =SUM(F9:F11) -> #REF! | G8: =SUM(G9:G11) -> 4.6989246e+09 | H8: =SUM(H9:H11) -> #REF! | I8: =SUM(I9:I11) -> #REF!
A9: 1.1 | B9: 26002001010100101 | C9: Servicios académicos remunerados - Específica | D9: 806550000 | E9: =+#REF! -> #REF! | F9: =+#REF! -> #REF! | G9: =D9/1.004 -> 8.0333665e+08 | H9: =E9/1.004 -> #REF! | I9: =F9/1.004 -> #REF!
A10: 1.2 | B10: 26002001010100102 | C10: Remuneración por servicios técnicos - Específica | D10: 3794706322 | E10: =+#REF! -> #REF! | F10: =+#REF! -> #REF! | G10: =D10/1.004 -> 3.779588e+09 | H10: =E10/1.004 -> #REF! | I10: =F10/1.004 -> #REF!
A11: 1.3 | B11: 26002001010100104 | C11: Estímulo estudiantes - Específica | D11: 116464000 | E11: =+#REF! -> #REF! | F11: =+#REF! -> #REF! | G11: =D11/1.004 -> 116000000 | H11: =E11/1.004 -> #REF! | I11: =F11/1.004 -> #REF!
A12: 2 | B12: ADQUISICION DE BIENES - ESPECIFICA | D12: =SUM(D13:D14) -> 76005365 | E12: =SUM(E13:E14) -> #REF! | F12: =SUM(F13:F14) -> #REF! | G12: =SUM(G13:G14) -> 75702555 | H12: =SUM(H13:H14) -> #REF! | I12: =SUM(I13:I14) -> #REF!
A13: 2.1 | B13: 26002001020100101 | C13: Compra de equipo - Específica | D13: 62929269 | G13: =D13/1.004 -> 62678555 | H13: =E13/1.004 -> 0 | I13: =F13/1.004 -> 0
A14: 2.2 | B14: 26002001020100103 | C14: Materiales y suministros - Especifica | D14: 13076096 | E14: =+#REF! -> #REF! | F14: =+#REF! -> #REF! | G14: =D14/1.004 -> 13024000 | H14: =E14/1.004 -> #REF! | I14: =F14/1.004 -> #REF!
A15: 3 | B15: ADQUISICION DE SERVICIOS - ESPECIFICA | D15: =SUM(D16:D25) -> 580445871 | E15: =SUM(E16:E25) -> #REF! | F15: =SUM(F16:F25) -> #REF! | G15: =SUM(G16:G25) -> 5.7813334e+08 | H15: =SUM(H16:H25) -> #REF! | I15: =SUM(I16:I25) -> #REF!
A16: 3.1 | B16: 26002001020200101 | C16: Mantenimiento - Específica | D16: 10040000 | G16: =D16/1.004 -> 10000000 | H16: =E16/1.004 -> 0 | I16: =F16/1.004 -> 0
A17: 3.2 | B17: 26002001020200105 | C17: Impresos y publicaciones | D17: 60000000 | G17: =D17/1.004 -> 59760956 | H17: =E17/1.004 -> 0 | I17: =F17/1.004 -> 0
A18: 3.3 | B18: 26002001020200103 | C18: Arrendamientos - Específica | D18: 76423763 | G18: =D18/1.004 -> 76119286 | H18: =E18/1.004 -> 0 | I18: =F18/1.004 -> 0
A19: 3.4 | B19: 26002001020200104 | C19: Viáticos y gastos de viajes - Específica | D19: 100000000 | G19: =D19/1.004 -> 99601594 | H19: =E19/1.004 -> 0 | I19: =F19/1.004 -> 0
A20: 3.5 | B20: 26002001020200106 | C20: Comunicaciones y transporte - Específica | D20: 107108072 | G20: =D20/1.004 -> 1.0668135e+08 | H20: =E20/1.004 -> 0 | I20: =F20/1.004 -> 0
A21: 3.6 | B21: 26002001020200107 | C21: Seguros - Específica | D21: 7000000 | G21: =D21/1.004 -> 6972111.6 | H21: =E21/1.004 -> 0 | I21: =F21/1.004 -> 0
A22: 3.7 | B22: 26002001020200108 | C22: Capacitación - Específica | D22: 20080000 | E22: =+#REF! -> #REF! | F22: =+#REF! -> #REF! | G22: =D22/1.004 -> 20000000 | H22: =E22/1.004 -> #REF! | I22: =F22/1.004 -> #REF!
A23: 3.8 | B23: 26002001020200109 | C23: Apoyo logístico - Específica | D23: 80320000 | G23: =D23/1.004 -> 80000000 | H23: =E23/1.004 -> 0 | I23: =F23/1.004 -> 0
A24: 3.9 | B24: 26002001020200111 | C24: Otros gastos generales por adquisición de servicios - Específica | D24: 106702264 | G24: =D24/1.004 -> 1.0627716e+08 | H24: =E24/1.004 -> 0 | I24: =F24/1.004 -> 0
A25: 3.10 | B25: 26002001030300101 | C25: O.I APORTES SIN CONTRAPRESTACIÓN | D25: 12771772 | E25: =+#REF! -> #REF! | F25: =+#REF! -> #REF! | G25: =D25/1.004 -> 12720888 | H25: =E25/1.004 -> #REF! | I25: =F25/1.004 -> #REF!
A26: 4 | B26: TRANSFERENCIAS EXTENSION - ESPECIFICA | D26: =SUM(D27:D35) -> 2687085782 | E26: =SUM(E27:E35) -> 0 | F26: =SUM(F27:F35) -> 0 | G26: =SUM(G27:G35) -> 2.6763803e+09 | H26: =SUM(H27:H35) -> 0 | I26: =SUM(I27:I35) -> 0
A27: 4.1 | B27: 26002001030300201 | C27: O.I. - Transferencia UGI Nivel Nacional | D27: 483675440 | G27: =D27/1.004 -> 4.8174845e+08
A28: 4.2 | B28: 26002001030300202 | C28: O.I. - Costos indirectos | D28: 268708575 | G28: =D28/1.004 -> 2.6763802e+08
A29: 4.3 | B29: 26002001030300203 | C29: O.I. - Transferencias Académica | D29: 403062867 | G29: =D29/1.004 -> 4.0145704e+08
A30: 4.4 | B30: 26002001030300204 | C30: O.I. - Excedentes por Actividades Generadoras de Recursos | D30: 1319627831 | G30: =D30/1.004 -> 1.3143703e+09
A31: 4.5 | B31: 26002001030300205 | C31: O.I. - Educación Formal | D31: 10479635 | G31: =D31/1.004 -> 10437883
A32: 4.6 | B32: 26002001030300206 | C32: O.I. - Fondo Nacional de Extensión Solidaria | D32: 80612573 | G32: =D32/1.004 -> 80291407
A33: 4.7 | B33: 26002001030300207 | C33: O.I. - Fondo de Riesgos para la Extensión | D33: 40306287 | G33: =D33/1.004 -> 40145704
A34: 4.8 | B34: 26002001030300208 | C34: O.I. - Dirección Nacional de Extensión | D34: 40306287 | G34: =D34/1.004 -> 40145704
A35: 4.9 | B35: 26002001030300209 | C35: O.I. - Dirección de Extensión de la Sede | D35: 40306287 | G35: =D35/1.004 -> 40145704
C36: TOTALES | D36: =SUM(D8+D12+D15+D26) -> 8061257340 | E36: =SUM(E8+E12+E15+E26) -> #REF! | F36: =SUM(F8+F12+F15+F26) -> #REF! | G36: =SUM(G8+G12+G15+G26) -> 8.0291408e+09 | H36: =SUM(H8+H12+H15+H26) -> #REF! | I36: =SUM(I8+I12+I15+I26) -> #REF!
F37: GMF | G37: =G36*0.004 -> 32116563 | H37: =H36*0.004 -> #REF! | I37: =I36*0.004 -> #REF!
F38: Total | G38: =G36+G37 -> 8.0612573e+09 | H38: =H36+H37 -> #REF! | I38: =I36+I37 -> #REF!
